 Dungeon Crawl Stone Soup version 0.30-a0-719-gcc4359ea44 (webtiles) character file.

Game seed: 11987521358576945030

90 funkygono the Firebug (level 4, 0/24 HPs)
             Began as a Gargoyle Fire Elementalist on Jan 26, 2023.
             Slain by Pikel
             ... wielding a +0 whip of freezing
              (1 damage)
             ... on level 3 of the Dungeon.
             The game lasted 00:04:02 (3368 turns).

funkygono the Firebug (Gargoyle Fire Elementalist)  Turns: 3368, Time: 00:04:02

Health: 0/24       AC: 10    Str: 12    XL:     4   Next: 56%
Magic:  1/8        EV: 12    Int: 17    God:
Gold:   175        SH:  0    Dex: 10    Spells: 2/8 levels left

rFire   . . .      SeeInvis .    w - +0 flail
rCold   . . .      Faith    .    (no shield)
rNeg    + . .      Spirit   .    a - +0 robe
rPois   ∞          Reflect  .    (no helmet)
rElec   +          Harm     .    r - +0 cloak
rCorr   .          Rampage  .    (no gloves)
Will    .....                    (no boots)
Stlth   ++                       (no amulet)
HPRegen 0.24/turn                t - +4 ring of protection
MPRegen 0.11/turn                (no ring)

@: no status effects
A: sickness immunity, AC +3, negative energy resistance 1, electricity
resistance, torment resistance 1, petrification resistance
a: no special abilities


You were on level 3 of the Dungeon.
You visited 1 branch of the dungeon, and saw 4 of its levels.

You collected 175 gold pieces.

Inventory:

Hand Weapons
 d - a +0 dagger
 h - a +0 club
 w - a +0 flail (weapon)
Armour
 a - a +0 robe (worn)
 r - a +0 cloak (worn)
Jewellery
 f - an amulet of guardian spirit
 t - a +4 ring of protection (left hand)
Scrolls
 c - 3 scrolls of identify {unknown}
 g - a scroll of fog {unknown}
 i - 2 scrolls of enchant weapon {unknown}
 m - a scroll of noise {unknown}
 n - a scroll of blinking {unknown}
 q - 2 scrolls of teleportation {unknown}
 s - a scroll of summoning {unknown}
 u - a scroll of magic mapping {unknown}
 v - a scroll of vulnerability {unknown}
Potions
 b - a potion of magic
 e - a potion of haste {unknown}
 j - a potion of attraction {unknown}
 k - a potion of mutation {unknown}
 l - a potion of might {unknown}
 o - a potion of heal wounds {unknown}
 p - a potion of cancellation {unknown}


   Skills:
 + Level 1.8 Dodging
 - Level 2.1 Stealth
 + Level 2.7 Spellcasting
 + Level 2.1 Conjurations
 + Level 4.1 Fire Magic


You had 2 spell levels left.
You knew the following spells:

 Your Spells              Type           Power      Damage    Failure   Level
a - Foxfire               Conj/Fire      52%        2x1d6     4%          1
b - Scorch                Fire           32%        2d6       4%          2
c - Kindle Blastsparks    Fire/Tloc/Air  14%        2d11      30%         3

Your spell library contained the following spells:

 Spells                   Type           Power      Damage    Failure   Level
 Freeze                   Ice            8%         1d3       19%         1
 Momentum Strike          Conj/Tloc      10%        3d8       19%         2
 Blink                    Tloc           4%         N/A       26%         2
 Lesser Beckoning         Tloc           4%         N/A       26%         2
 Inner Flame              Hex/Fire       9%         N/A       22%         3
 Hailstorm                Conj/Ice       5%         3d4       34%         3
 Flame Wave               Conj/Fire      13%        2d6       45%         4
 Frozen Ramparts          Ice            4%         1d1       47%         3


Dungeon Overview and Level Annotations

Branches:
Dungeon (4/15)
 Temple: D:4-7

Altars:
Ru

Annotations:
D:3 Pikel


Innate Abilities, Weirdness & Mutations

You are immune to sickness and miasma.
Your stone body is resilient. (AC +3)
You are immune to poison.
You resist negative energy. (rN+)
You are resistant to electric shocks. (rElec)
You are resistant to unholy torment.
You are immune to petrification.


Message History

Pikel is lightly wounded.
Pikel's fire resistance burns away.
The foxfire hits Pikel.
Pikel is burned terribly!
Pikel is moderately wounded.
The foxfire hits Pikel.
Pikel is burned terribly!
Pikel is moderately wounded.
Pikel hits you but does no damage.
Unknown command.
Pikel hits you but does no damage.
You climb upwards.
There is a stone staircase leading down here.
Things that are here:
a +0 club; a +0 dagger
Casting: Scorch (safe; 4% risk of failure)
Confirm with . or Enter, or press ? or * to list all spells.
You conjure some foxfire!
Pikel hits you but does no damage.
Casting: Foxfire (safe; 4% risk of failure)
Confirm with . or Enter, or press ? or * to list all spells.
Flames lash Pikel but do no damage.
Pikel closely misses you.
Unknown command.
Casting: Scorch (safe; 4% risk of failure)
Confirm with . or Enter, or press ? or * to list all spells.
Flames lash Pikel.
Pikel is burned terribly!
Pikel is severely wounded.
Pikel hits you with a +0 whip of freezing.
Pikel freezes you.
Unknown command.
You miss Pikel.
Pikel is severely wounded.
Pikel hits you but does no damage.
You closely miss Pikel.
Pikel is severely wounded.
Pikel hits you with a +0 whip of freezing.
* * * LOW HITPOINT WARNING * * *
Pikel freezes you.
* * * LOW HITPOINT WARNING * * *
Pikel hits you with a +0 whip of freezing.
* * * LOW HITPOINT WARNING * * *
Pikel freezes you.
You die...

### #[. #######.#
####...##.#.
#....#...###
#.##.).##.#.
###########.########.#
#.[.v@K.......# #.#
#.#########.#.# #§#
#.# #.#.# #o# #.#
#.#.######.# #.#
#.#........# #.#
#.#######... ####.#
#.#......... #....#
#.#.######## #.####
#.#.#


You could see Pikel (combustible, ally target).

Vanquished Creatures
  2 lemures (D:4)
  Jessica (D:2)
  An adder (D:1)
  2 dart slugs
  5 orcs (D:3)
  4 ball pythons
  2 endoplasms (D:2)
  8 goblins
  4 hobgoblins
  2 jackals (D:2)
  A bat (D:1)
  6 frilled lizards
  3 kobolds
  7 rats
48 creatures vanquished.

Vanquished Creatures (others)
  153 foxfires
153 creatures vanquished.

Grand Total: 201 creatures vanquished

Notes
Turn   | Place    | Note
-------+----------+-------------------------------------------
     0 | D:1      | funkygono the Gargoyle Fire Elementalist began the quest
                  | for the Orb.
     0 | D:1      | Reached XP level 1. HP: 10/10 MP: 3/3
   330 | D:1      | Reached XP level 2. HP: 15/15 MP: 3/5
   333 | D:1      | Learned a level 2 spell: Scorch
  1244 | D:2      | Noticed Jessica
  1249 | D:2      | Killed Jessica
  1250 | D:2      | Reached XP level 3. HP: 19/19 MP: 0/6
  1270 | D:1      | Reached skill level 4 in Fire Magic
  1566 | D:2      | Reached XP level 4. HP: 24/24 MP: 5/7
  1597 | D:2      | Learned a level 3 spell: Kindle Blastsparks
  1641 | D:2      | Found a sacrificial altar of Ru.
  3237 | D:4      | Noticed a lemure
  3237 | D:4      | Noticed a lemure
  3254 | D:4      | Killed a lemure
  3279 | D:4      | Killed a lemure
  3303 | D:4      | Noticed Pikel
  3359 | D:4      | Noticed a lemure
  3368 | D:3      | HP: 1/24 [Pikel/+0 whip of freezing (3)]
  3368 | D:3      | Slain by Pikel

Illustrated notes

Levels and vault maps discovered:
D:1:      dpeg_arrival_castle, layout_basic
D:2:      layout_loops_ring, basic_altar, uniq_jessica
D:3:      wander_river, layout_loops_ring
D:4:      layout_basic, grunt_temple_overflow_open, nrook_campfire, uniq_pikel,
          uniq_crazy_yiuf_cottage, uniq_grinder

Skill      XL: |  1  2  3  4 |
---------------+-------------+-----
Fire Magic     | 4 |  4.1
Conjurations   | 2 |  2.1
Dodging        | |  1.8
Stealth        | |  2.1
Spellcasting   | |  2.7

Action                     |  1- 3 |  4- 6 || total
---------------------------+-------+-------++-------
  Melee: Dagger            |     4 |       ||     4
         Punch             |     1 |       ||     1
         Club              |    15 |     3 ||    18
         Flail             |       |    24 ||    24
   Cast: Foxfire           |    43 |    52 ||    95
         Scorch            |       |     6 ||     6
 Armour: Robe              |    20 |    16 ||    36
  Dodge: Dodged            |    29 |    20 ||    49

Table legend: (Time is in decaauts)
 A = Elapsed time spent in this place.
 B = Non-inter-level travel time spent in this place.
 C = Inter-level travel time spent in this place.
 D = Time resting spent in this place.
 E = Time spent auto-exploring this place.
 F = Levels seen in this place.
 G = Mean time per level.
                   A        B        C        D        E       F      G
               +--------+--------+--------+--------+--------+-----+--------+
         Total |   3403 |   3343 |     60 |     17 |   2893 |   4 |  850.8 |
       Dungeon |   3403 |   3343 |     60 |     17 |   2893 |   4 |  850.8 |
               +--------+--------+--------+--------+--------+-----+--------+

Top non-repeatable levels by time:
     D:1: 1304 daAuts
     D:3: 1011 daAuts
     D:2: 961 daAuts
     D:4: 126 daAuts
